 Dungeon Crawl Stone Soup version 0.31-a0-1539-g569d6c7dce (webtiles) character file.

Game seed: 9188060694725417446

1720749 MackTheKnife the Ninja (level 25, 168/168 HPs)
             Began as a Kobold Delver on Dec 31, 2023.
             Was the Champion of Nemelex Xobeh.
             Escaped with the Orb
             ... and 3 runes on Jan 1, 2024!
             The game lasted 02:05:18 (56535 turns).

MackTheKnife the Ninja (Kobold Delver)             Turns: 56535, Time: 02:05:19

Health: 168/168    AC: 11    Str: 10    XL:     25   Next: 45%
Magic:  39/39      EV: 51    Int: 15    God:    Nemelex Xobeh [******]
Gold:   3184       SH: 22    Dex: 33    Spells: 45/48 levels left

rFire   + + +        b - +9 quick blade of the Bouncing Mystics {freeze, rF+ rCorr, short}
rCold   + . .        C - +5 Storm Queen's Shield {shock, Fly rElec}
rNeg    . . .        j - +2 robe {Will+}
rPois   +            h - +2 helmet
rElec   +            y - scarf of the Gastropod {repulsion, -Cast rPois rC+ rCorr}
rCorr   +            q - +0 pair of fencer's gloves {Riposte Dex+3}
SInv    +            L - +2 pair of boots
Will    ++...        A - amulet of guardian spirit
Stlth   ++++         B - +6 ring of dexterity
HPRegen 0.48/turn    K - ring of Awuwein {rF+ Dex+2 SInv}
MPRegen 0.26/turn

%: no spellcasting, repel missiles, guardian spirit
@: flying, studying 4 skills
A: small, no large weapons, nightstalker 3, clumsy 1, fire resistance 1, noise
suppression
0: Orb of Zot
}: 3/15 runes: barnacled, abyssal, gossamer
a: Renounce Religion, Draw Escape, Draw Destruction, Draw Summoning, Draw Stack,
Triple Draw, Deal Four, Stack Five


You escaped.
You worshipped Nemelex Xobeh.
Nemelex Xobeh was exalted by your worship.
You visited 10 branches of the dungeon, and saw 47 of its levels.
You visited the Abyss 1 time.
You also visited: Trove, Sewer, Bailey and Volcano.

You collected 4938 gold pieces.
You spent 1754 gold pieces at shops.


Innate Abilities, Weirdness & Mutations

You are small and have problems with some larger weapons.
You are completely attuned to the shadows.
You are clumsy. (Dex -2)
Your flesh is heat resistant. (rF+)
You passively dampen the noise of your surroundings.


   Skills:
 + Level 20.0 Fighting
 - Level 16.6 Short Blades
 O Level 27 Dodging
 O Level 27 Stealth
 - Level 14.1 Shields
 - Level 12.1 Spellcasting
 - Level 4.0 Conjurations
 - Level 4.0 Air Magic
 - Level 4.0 Alchemy
 - Level 12.8 Invocations
 - Level 10.0 Evocations


You had 45 spell levels left.
You knew the following spells:

 Your Spells              Type           Power      Damage    Failure   Level
a - Mephitic Cloud        Conj/Alch/Air  21%        N/A       11%         3

Your spell library contained the following spells:

 Spells                   Type           Power      Damage    Failure   Level
 Sting                    Conj/Alch      84%        1d8       3%          1
 Mercury Vapours          Alch/Air       42%        N/A       5%          2
 Foxfire                  Conj/Fire      60%        2x1d7     8%          1
 Cigotuvi's Dreadful Rot  Necr/Alch/Air  34%        N/A       9%          2
 Momentum Strike          Conj/Tloc      30%        3d8       12%         2
 Apportation              Tloc           18%        N/A       19%         1
 Freeze                   Ice            36%        1d5       19%         1
 Necrotise                Necr           36%        1d5       19%         1
 Sandblast                Erth           18%        2d7       19%         1
 Dazzling Flash           Conj/Hex       30%        N/A       24%         3
 Call Imp                 Summ           18%        N/A       26%         2
 Ensorcelled Hibernation  Hex/Ice        18%        N/A       26%         2
 Jinxbite                 Hex            18%        N/A       26%         2
 Lesser Beckoning         Tloc           18%        N/A       26%         2
 Fulminant Prism          Conj/Alch      10%        3d8       34%         4
 Olgreb's Toxic Radiance  Alch           21%        N/A       34%         4
 Call Canine Familiar     Summ           9%         N/A       47%         3
 Fugue of the Fallen      Necr           9%         N/A       47%         3
 Gell's Gravitas          Tloc           9%         N/A       47%         3
 Inner Flame              Hex/Fire       9%         N/A       47%         3
 Ozocubu's Armour         Ice            9%         N/A       47%         3
 Sigil of Binding         Hex            9%         N/A       47%         3
 Summon Ice Beast         Ice/Summ       9%         N/A       47%         3
 Teleport Other           Tloc           9%         N/A       47%         3
 Vampiric Draining        Necr           9%         2d6       47%         3
 Volatile Blastmotes      Fire/Tloc      18%        2d11      47%         3
 Flame Wave               Conj/Fire      15%        2d7       61%         4
 Ignite Poison            Fire/Alch      15%        N/A       61%         4
 Iskenderun's Mystic Bla  Conj/Tloc      15%        2d5       61%         4
 Sticky Flame             Fire/Alch      15%        2d5       61%         4
 Vhi's Electric Charge    Tloc/Air       30%        N/A       61%         4
 Alistair's Intoxication  Alch           14%        N/A       67%         5
 Iskenderun's Battlesphe  Conj           21%        2d7       67%         5
 Freezing Cloud           Conj/Ice/Air   8%         6-21      86%         5
 Dimensional Bullseye     Hex/Tloc       4%         N/A       87%         4
 Dispel Undead            Necr           9%         3d8       87%         4
 Manifold Assault         Tloc           9%         N/A       87%         4
 Martyr's Knell           Necr/Summ      9%         N/A       87%         4
 Passage of Golubria      Tloc           9%         N/A       87%         4
 Summon Blazeheart Golem  Fire/Summ      9%         N/A       87%         4
 Silence                  Hex/Air        7%         N/A       91%         5
 Yara's Violent Unravell  Hex/Alch       7%         3d5       91%         5
 Curse of Agony           Necr           9%         N/A       99%         5
 Metabolic Englaciation   Hex/Ice        4%         N/A       99%         5
 Summon Forest            Summ/Tloc      4%         N/A       99%         5
 Summon Mana Viper        Hex/Summ       9%         N/A       99%         5
 Eringya's Noxious Bog    Alch           10%        4d6       99%         6
 Bombard                  Conj/Erth      7%         9d2       100%        6
 Death Channel            Necr           4%         N/A       100%        6
 Dispersal                Tloc           4%         N/A       100%        6
 Plasma Beam              Fire/Air       7%         2x1d18    100%        6
 Sculpt Simulacrum        Ice/Alch       7%         N/A       100%        6
 Starburst                Conj/Fire      7%         6d4       100%        6
 Summon Cactus Giant      Summ           4%         N/A       100%        6
 Enfeeble                 Hex            4%         N/A       100%        7
 Haunt                    Necr/Summ      4%         N/A       100%        7
 Monstrous Menagerie      Summ           4%         N/A       100%        7
 Spellforged Servitor     Conj/Summ      7%         N/A       100%        7
 Summon Hydra             Summ           4%         N/A       100%        7
 Disjunction              Tloc           4%         N/A       100%        8
 Ignition                 Fire           4%         3d4       100%        8
 Lehudib's Crystal Spear  Conj/Erth      7%         10d3      100%        8
 Summon Horrible Things   Summ           4%         N/A       100%        8
 Dragon's Call            Summ           4%         N/A       100%        9

Inventory:

Hand Weapons
 a - a +9 vampiric rapier {short}
   (You acquired it on level 6 of the Dungeon)
 b - the +9 quick blade of the Bouncing Mystics (weapon) {freeze, rF+ rCorr, short}
   (You acquired it on level 14 of the Dungeon)

   rF+:       It protects you from fire.
   rCorr:     It protects you from acid and corrosion.
Armour
 h - a +2 helmet (worn)
   (You found it on level 5 of the Dungeon)
 j - a +2 robe of willpower (worn)
   (You took it off Sigmund on level 6 of the Dungeon)
 o - the +3 hat of Pondering {ponderous, Will+ MP+10 Int+5}
   (You found it on level 3 of the Depths)

   Int+5:     It affects your intelligence (+5).
   Will+:     It increases your willpower.
   MP+10:     It affects your magic capacity (+10).
 q - the +0 pair of fencer's gloves (worn) {Riposte Dex+3}
   (You found it on level 4 of the Spider Nest)

   Riposte:   It allows the wearer to riposte with melee weapons, swiftly
   retaliating against missed or blocked melee attacks.
   Dex+3:     It affects your dexterity (+3).
 y - the scarf of the Gastropod (worn) {repulsion, -Cast rPois rC+ rCorr}
   (You bought it in a shop on level 2 of the Orcish Mines)

   rC+:       It protects you from cold.
   rPois:     It protects you from poison -Cast: It prevents spellcasting.
   rCorr:     It protects you from acid and corrosion.
 C - the +5 Storm Queen's Shield (worn) {shock, Fly rElec}
   (You bought it in a shop on level 2 of the Depths)

   Shock:     When it blocks an attack, it may electrocute the attacker.
   This works even against foes who are a short distance away.
   rElec:     It insulates you from electricity.
   Fly:       It grants you flight.
 H - the +1 robe of Too Many Cooks {Str+2 Dex-5 Slay+2}
   (You took it off a spriggan rider on level 3 of the Depths)

   Str+2:     It affects your strength (+2).
   Dex-5:     It affects your dexterity (-5).
   Slay+2:    It affects your accuracy & damage with ranged weapons and melee
   (+2).
 L - a +2 pair of boots (worn)
   (You found it on level 2 of the Lair of Beasts)
Jewellery
 z - a ring of flight
   (You found it in a volcano)
 A - an amulet of guardian spirit (around neck)
   (You found it on level 3 of the Spider Nest)
 B - a +6 ring of dexterity (left hand)
   (You found it on level 1 of the Spider Nest)
 D - a ring of willpower
   (You found it on level 1 of the Depths)
 K - the ring of Awuwein (right hand) {rF+ Dex+2 SInv}
   (You found it on level 4 of the Vaults)

   [ring of see invisible]

   Dex+2:     It affects your dexterity (+2).
   rF+:       It protects you from fire.
   SInv:      It lets you see invisible.
 P - a ring of poison resistance
   (You found it on level 5 of the Lair of Beasts)
 S - a ring of protection from cold
   (You found it on level 11 of the Dungeon)
Wands
 g - a wand of digging (2)
 s - a wand of flame (102)
   (You took it off Crazy Yiuf on level 7 of the Dungeon)
 I - a wand of mindburst (15)
   (You took it off an orc priest on level 10 of the Dungeon)
 M - a wand of roots (26)
   (You found it on level 8 of the Dungeon)
 V - a wand of acid (15)
   (You found it on level 12 of the Dungeon)
 Y - a wand of paralysis (22)
   (You found it on level 13 of the Dungeon)
Scrolls
 c - 6 scrolls of fog
 d - 8 scrolls of vulnerability {!r!r}
 e - 8 scrolls of fear
 i - 5 scrolls of blinking {!r}
 l - 3 scrolls of butterflies
 r - 7 scrolls of poison {!r}
 v - 3 scrolls of immolation {!r!r}
 w - 13 scrolls of teleportation {@r4}
 N - 11 scrolls of identify {@r1}
 T - 4 scrolls of enchant armour
 U - 4 scrolls of silence {!r}
 X - a scroll of revelation
Potions
 f - 7 potions of haste {@q3}
 k - 3 potions of might
 m - 5 potions of enlightenment
 n - 9 potions of curing {@q1}
 p - 4 potions of cancellation
 t - 5 potions of magic
 u - 8 potions of mutation {!q}
 x - 11 potions of heal wounds {@q2}
 F - 2 potions of ambrosia
 G - 2 potions of resistance
 Q - 4 potions of brilliance
 R - 2 potions of invisibility
 W - 7 potions of berserk rage {!q}
Miscellaneous
 E - a condenser vane
   (You found it on level 1 of the Shoals)
 J - a phial of floods
   (You found it on level 1 of the Lair of Beasts)

Dungeon Overview and Level Annotations

Branches:
Dungeon (15/15)            Temple (1/1) D:6            Lair (5/5) D:8
 Shoals (4/4) Lair:3       Spider (4/4) Lair:2        Slime (0/5) Lair:5
    Orc (2/2) D:10            Elf (3/3) Orc:2        Vaults (4/5) D:14
  Crypt (0/3) Vaults:2     Depths (4/4) D:15            Zot (5/5) Depths:4
  Sewer (visited)          Bailey (visited)         Volcano (visited)

Altars:
Ashenzari
Cheibriados
Elyvilon
Fedhas
Gozag
Hepliaklqana
Kikubaaqudgha
Makhleb
Nemelex Xobeh
Okawaru
Qazlal
Ru
Sif Muna
Trog
Uskayaw
Vehumet
Wu Jian
Xom
Yredelemnul
Zin
The Shining One
Jiyva

Shops:
D:15 :   Orc:2 ?![![   Shoals:2 =   Shoals:3 ?   Vaults:2 (   Vaults:3 (
Depths:2 ([(   Depths:4 **

Portals:
Hell: Depths:1 Depths:2 Depths:3 Depths:4
Abyss: Depths:1 Depths:3
Pandemonium: Depths:2 Depths:3
Ziggurat: Depths:2

Annotations:
D:1 exclusion: downstairs
D:4 exclusion: black bear
D:7 Maurice, Menkaure
D:8 exclusion: door
D:10 1 runed translucent door
D:14 exclusions: death knight, freezing wraith and 2 wraiths
D:15 Roxanne
Spider:2 Mlioglotl
Elf:2 3 runed translucent doors
Depths:2 exclusions: door, smoke demon, soul eater and sun demon
Depths:3 exclusion: sphinx
Zot:2 exclusion: draconian stormcaller

#...........# #.##
#...........# #.#
#...........#.##.#
##############.#.#
#....# #.#..####
#..#....#
###2..#.#.#
####.@..#.##.#
#.....8....#.#
#.........##.#
###.........##.#
#..............#
######..#...#..#
##...##..##
#..##..## #.###.##


You could see a cacodemon.


Message History

Level annotation: 1 runed translucent door
There is a stone staircase leading down here.
A Tzitzimitl comes into view.
There is a stone staircase leading up here.
The Tzitzimitl gestures at you. The bolt of negative energy misses you.
You fly upwards.
There is a stone staircase leading down here.
There is a stone staircase leading up here.
You fly upwards.
Level annotation: exclusion: door
There is a stone staircase leading down here.
A daeva comes into view.
It is wielding a +3 eudemon blade of holy wrath.
There is a stone staircase leading up here.
You fly upwards.
Level annotation: Maurice, Menkaure
There is a stone staircase leading down here.
A hellion comes into view.
There is a stone staircase leading up here.
The hellion gestures at you.
The sphere of damnation explodes!
The damnation engulfs you!!
The damnation engulfs the hellion.
The hellion completely resists.
You fly upwards.
There is a stone staircase leading down here. 😕 HP[-28] MP[-6]
You take 28 damage, and now have 140/168 hp.
You lost 6 mp, and now have 33/39 mp.
You closely miss the hellion. x2; You block the hellion's attack.
Your shield discharges, shocking the hellion! 😕 HP[+1]
You closely miss the hellion. You impale the hellion!! You freeze the hellion.
You kill the hellion!
You have mastered Dodging!
You need to enable at least one skill for training.
What level of the Dungeon? (default 1, ? - help)
There is a stone staircase leading up here.
You fly upwards.
There is a stone staircase leading down here.
There is a stone staircase leading up here.
You fly upwards.
Level annotation: exclusion: black bear
There is a stone staircase leading down here.
Items here: )))) [.
You see here a +0 dagger {short}.
An Orb Guardian comes into view. 😕 HP[+18] MP[+6]
You regained 18 hp, and now have 159/168 hp.
Your mp is fully restored (39).
You block the Orb Guardian's attack. x2
There is a stone staircase leading up here. 😕 HP[+1]
You hit the Orb Guardian but do no damage.
You hit the Orb Guardian. You freeze the Orb Guardian.
You block the Orb Guardian's attack.
You riposte.
You hit the Orb Guardian. You freeze the Orb Guardian.
You hit the Orb Guardian but do no damage.
You puncture the Orb Guardian! You freeze the Orb Guardian.
You barely miss the Orb Guardian. You block the Orb Guardian's attack.
You puncture the Orb Guardian! You freeze the Orb Guardian.
You puncture the Orb Guardian! You freeze the Orb Guardian. 😕 HP[+1]
You closely miss the Orb Guardian.
You hit the Orb Guardian but do no damage.
You block the Orb Guardian's attack.
You hit the Orb Guardian. You freeze the Orb Guardian.
You puncture the Orb Guardian! You freeze the Orb Guardian.
You kill the Orb Guardian!
No target in view!
No target in view!
You fly upwards.
There is a stone staircase leading down here. 😕 HP[+2]
You regained 2 hp, and now have 163/168 hp.
What level of the Dungeon? (default 1, ? - help)
There is a stone staircase leading up here.
You fly upwards.
There is a stone staircase leading down here. 😎 HP[+5]
Your hp is fully restored (168).
You catch the helpless endoplasm completely off-guard!
You spit the endoplasm like a pig!!!! You freeze the endoplasm.
You kill the endoplasm!
There is a stone staircase leading up here.
You fly upwards.
Level annotation: exclusion: downstairs
There is a stone staircase leading down here.
You hear a grinding noise.
You hear a grinding noise.
You hear a grinding noise.
You hear a grinding noise.
You hear a grinding noise.
You hear a grinding noise.
A cacodemon comes into view.
The cacodemon gestures next to you.
Some rock shatters into small pieces.
Unknown command.
There is a staircase leading out of the dungeon here.
The cacodemon gestures at you. The bolt of devastation misses you.
You have escaped!

Skill      XL: |  1  2  3  4  5  6  7  8  9 10 11 12 13 14 15 16 17 18 19 20 21 22 23 24 25 |
---------------+----------------------------------------------------------------------------+-----
Stealth        | 7 11 13 15 16 17 19 20 24 27 | 27.0
Fighting       | 4 5 6 8 9 10 11 12 14 15 16 18 19 20 | 20.0
Short Blades   | 3 4 5 6 7 10 14 16 | 16.6
Dodging        | 3 6 7 10 12 14 15 16 19 20 21 22 24 27 | 27.0
Invocations    | 4 5 6 9 10 11 12 | 12.8
Evocations     | 8 10 | 10.0
Spellcasting   | 5 12 | 12.1
Conjurations   | 4 |  4.0
Air Magic      | 4 |  4.0
Alchemy        | 4 |  4.0
Shields        | 2 6 11 14 | 14.1

Action                     |  1- 3 |  4- 6 |  7- 9 | 10-12 | 13-15 | 16-18 | 19-21 | 22-24 | 25-27 || total
---------------------------+-------+-------+-------+-------+-------+-------+-------+-------+-------++-------
  Melee: Short sword       |    74 |   221 |   400 |       |       |       |       |       |       ||   695
         Punch             |     1 |     1 |     7 |    13 |    30 |    13 |       |       |       ||    65
         Rapier            |       |       |   167 |   734 |  1406 |   179 |       |       |       ||  2486
         Quick blade       |       |       |       |       |       |  1562 |  2381 |  2815 |   222 ||  6980
  Throw: Dart              |       |       |     2 |    10 |    17 |     7 |       |       |       ||    36
   Cast: Mephitic Cloud    |       |       |       |       |    17 |    47 |     5 |     6 |       ||    75
 Invoke: Draw Summoning    |       |       |       |     6 |     6 |     2 |     5 |    22 |     2 ||    43
         Draw Destruction  |       |       |       |     9 |    26 |     6 |    18 |    32 |       ||    91
         Stack Five        |       |       |       |       |     1 |       |       |       |       ||     1
         Draw Stack        |       |       |       |       |       |     2 |       |       |       ||     2
         Deal Four         |       |       |       |       |       |       |       |     1 |     3 ||     4
         Triple Draw       |       |       |       |       |       |       |       |     1 |       ||     1
  Evoke: Wand              |       |     6 |       |     8 |     1 |     2 |    11 |     7 |       ||    35
         Phial of floods   |       |       |       |       |     1 |     1 |       |     2 |       ||     4
         Condenser vane    |       |       |       |       |       |       |     3 |     2 |       ||     5
    Use: Scroll            |     1 |    11 |    16 |     9 |     8 |     8 |    10 |     9 |    11 ||    83
         Potion            |       |       |     3 |     1 |     3 |       |       |    13 |     7 ||    27
   Stab: Sleeping          |    26 |    18 |    17 |    42 |    50 |   105 |    88 |    45 |    12 ||   403
         Distracted        |       |     2 |     1 |     2 |     8 |     8 |    11 |    25 |     2 ||    59
         Invisible         |       |       |       |       |     3 |       |       |       |     9 ||    12
         Confused          |       |       |       |       |    22 |    54 |    11 |    10 |       ||    97
         Paralysed         |       |       |       |       |       |       |       |     2 |       ||     2
 Armour: Leather armour    |    15 |    70 |   154 |       |       |       |       |       |       ||   239
         Robe              |       |       |    54 |   201 |   360 |   255 |   214 |   213 |    12 ||  1309
  Dodge: Dodged            |    37 |   122 |   397 |   450 |  1053 |   776 |  1007 |   852 |    78 ||  4772
         Repelled          |       |       |       |       |       |       |       |     2 |       ||     2
  Block: Buckler           |       |       |       |       |       |   160 |   289 |   216 |       ||   665
         Kite shield       |       |       |       |       |       |       |       |   360 |    97 ||   457
Riposte: Quick blade       |       |       |       |       |       |    44 |   271 |   314 |    41 ||   670

Levels and vault maps discovered:
D:1:      mrwooster_arrival_statue, layout_basic, palyth_stone_intersect
D:2:      layout_basic, shapermc_ecumenical_altar_mp_ritualfount
D:3:      layout_loops_ring
D:4:      layout_basic, mainiacjoe_overflow_catwalk,
          mainiacjoe_overflow_brackets, minmay_puff
D:5:      layout_loops_ring, serial_bayou_pond_b
D:6:      layout_rooms, overflow_temple_1_default, minmay_temple_entry_statues,
          portal_sewer_entry_a, nicolae_eternal_life, uniq_jeremiah,
          uniq_sigmund
D:7:      layout_gridville, nicolae_the_louvre, uniq_menkaure, uniq_maurice,
          uniq_crazy_yiuf_cottage
D:8:      layout_gridville, mainiacjoe_overflow_big_doors,
          mainiacjoe_overflow_concentric_impassable, hellmonk_lair_entry_icy,
          enter_bailey_6
D:9:      layout_rooms, mainiacjoe_overflow_paths,
          nicolae_kite_square_tiling_tiny, interstate_on_off
D:10:     layout_rooms, chequers_temple_overflow_statue_of_worship,
          dk_yredelemnul_ordeal, mainiacjoe_overflow_six_doors_small,
          lemuel_crystal_altar, orc_david_3, kennysheep_generic_room_6
D:11:     layout_basic, st_stairs_13, uniq_grum
D:12:     layout_big_octagon, kennysheep_flooded_box, minmay_ruined_shrine
D:13:     layout_long_grid, hangedman_abyss_or_decor_passed
D:14:     layout_stronghold, erik_vaults_1, serial_library_regret_index_multi,
          serial_bayou_pond_b, okawaru_metal_pillars_1_2
D:15:     hangedman_depths_entry_civil_slaughter, layout_basic,
          nrook_mini_vaults, nicolae_shop_i_like_small_books_too,
          bh_walls_and_bars, uniq_roxanne
Temple:   compressed_dpeg_triangle_lava_temple
Lair:1:   layout_cellular_growth, beast_lair_carwin_3, grunt_megastairs_5
Lair:2:   layout_hall_layers, nicolae_spider_entry_lesser_pyramids,
          serial_bayou_shore_a
Lair:3:   layout_small_grid, nicolae_shoals_entry_roost,
          nicolae_volcano_entry_batcave, uniq_snorg
Lair:4:   layout_gridlike
Lair:5:   gammafunk_lair_ancient_temple, layout_cave_shapes,
          dpeg_slime_entry_enclosed
Shoals:1: layout_shoals
Shoals:2: layout_shoals, minmay_shop_enchanted_jewellery
Shoals:3: layout_shoals, serial_shops, nicolae_shop_hallway_stairs,
          nicolae_shoals_sun_and_surf
Shoals:4: shoals_end_hangedman, layout_shoals, uniq_polyphemus
Spider:1: layout_spider_delve, uniq_agnes
Spider:2: layout_spider_delve, uniq_arachne, uniq_aizul, uniq_mlioglotl
Spider:3: layout_spider_delve
Spider:4: spider_rune_water, beargit_elvish_explorers
Orc:1:    layout_caves
Orc:2:    st_orc_ogre_mass, layout_diamond_mine, serial_shops, shop, basic_altar
Elf:1:    layout_gridlike, hangedman_elven_crosses_minicolossus
Elf:2:    nicolae_elf_blades_splatter_lattice [mumra_blade_entry_dagger],
          layout_loops_ring, minmay_misc_feat_cross
Elf:3:    minmay_elf_hall, layout_gridlike
Vaults:1: nicolae_vaults_three_branches, nicolae_vaults_ring_of_whatevers,
          v_misc_12, v_misc_19, vaults_dpeg_ring, nicolae_vaults_house_2,
          nicolae_vaults_network_quinsquares
          [nicolae_vaults_network_quincunx_subvault,
          nicolae_vaults_network_quincunx_subvault,
          nicolae_vaults_network_quincunx_subvault,
          nicolae_vaults_network_quincunx_subvault],
          nicolae_vaults_surprise_closet, nicolae_vaults_more_shelving_1,
          dpeg_vaults_monster_box, nicolae_vaults_tetromino_T_2,
          vaults_dpeg_diagonal, layout_vaults_chaotic_city
Vaults:2: nicolae_vaults_asterisk, minmay_crypt_entry_simple_walls,
          nicolae_vaults_inception_scallops, v_alt_pattern_6,
          hangedman_vaults_nodes, ontoclasm_vaults_ligature,
          ontoclasm_vaults_water_temple, ontoclasm_vaults_ring_square,
          nicolae_vaults_storage_room_water, hangedman_vaults_nails,
          v_pattern_2, nicolae_vaults_little_squares_6,
          vaults_room_grunt_arrival_ludios, nicolae_vaults_sesquioval_fish,
          layout_vaults_maze, serial_shops, nicolae_shop_real_fake_doors
Vaults:3: vaults_room_large_hall, nicolae_vaults_storage_closets_2,
          hangedman_vaults_cutoff, nicolae_vaults_taking_the_gang_shopping,
          st_lattice, nicolae_vaults_tetromino_Z_1, layout_vaults_omnigrid
Vaults:4: v_misc_11, hangedman_vaults_impose, ontoclasm_vaults_ring_small,
          nicolae_vaults_diamond_1, nicolae_vaults_surprise_closet, v_misc_24,
          nicolae_vaults_heist, ontoclasm_vaults_hangar,
          nicolae_vaults_little_squares_3, vaults_room_fours,
          nicolae_vaults_stepped_doors, vaults_dpeg_encased_lava,
          layout_vaults_omnicross
Depths:1: layout_basic, minmay_misc_feat_room,
          nicolae_abyss_entry_one_way_or_another, hangedman_coc_ice_floe,
          evilmike_butchery, uniq_mara
Depths:2: evilmike_wizard_prison, layout_cave_pools, enter_ziggurat_a,
          pan_entry, hellmouth_1, nicolae_trove_entry_crystal,
          grunt_decor_fettered, minmay_misc_feat_chi,
          infiniplex_staircase_pillars_1, minmay_shop_star
Depths:3: hellmonk_crumbling_castle, layout_cave_pools,
          hangedman_abyss_entry_splay, hell_entry, corexii_leaking_fountain,
          rand_demon_pan_entry_9, minmay_crystal_room,
          infiniplex_staircase_split_hallway, uniq_sojobo, uniq_mennas
Depths:4: grunt_bruiser_brothers, layout_basic, hellmonk_ghost_time_enough,
          minmay_misc_feat_doors, nicolae_hell_entry_big_baal_hell,
          nicolae_elemental_shop, uniq_parghit
Zot:1:    layout_twisted_circle, st_stairs_12, grunt_megastairs_3
Zot:2:    layout_concentric_octagons, st_stairs_6, regret_index_zotdec_banners
Zot:3:    kennysheep_room_grid, layout_basic
Zot:4:    layout_basic, regret_index_zotdec_zees
Zot:5:    layout_misc_corridors

Notes
Turn   | Place    | Note
-------+----------+-------------------------------------------
     0 | D:5      | MackTheKnife the Kobold Delver began the quest for the Orb.
     0 | D:5      | Reached XP level 1. HP: 14/14 MP: 1/1
     0 | D:5      | magus.rc [v1.9.6]
    37 | D:4      | Noticed a scorpion
   217 | D:4      | Noticed a hound
   255 | D:4      | Reached XP level 2. HP: 18/19 MP: 2/2
   410 | D:3      | Reached skill level 7 in Stealth
   694 | D:1      | Reached XP level 3. HP: 24/24 MP: 3/3
   756 | D:1      | Reached skill level 4 in Fighting
   921 | D:1      | Reached skill level 3 in Short Blades
  1572 | D:2      | Reached XP level 4. HP: 25/29 MP: 4/4
  1986 | D:2      | Identified the +1 ring mail of the Serpent {Harm +Inv}
  2094 | D:2      | Found a faded altar of an unknown god.
  2164 | D:2      | Reached skill level 4 in Short Blades
  2309 | D:3      | Reached XP level 5. HP: 34/34 MP: 5/5
  2381 | D:3      | Reached skill level 5 in Fighting
  2707 | D:4      | Noticed a black bear
  2715 | D:4      | Found a sacrificial altar of Ru.
  2768 | D:4      | Reached skill level 5 in Short Blades
  2770 | D:4      | Reached XP level 6. HP: 40/40 MP: 6/6
  3190 | D:4      | You pick up a book of Winter and begin reading...
  3190 | D:4      | You add the spells Ozocubu's Armour, Metabolic Englaciation
                  | and Sculpt Simulacrum to your library.
  3534 | D:4      | You pick up a book of Flames and begin reading...
  3534 | D:4      | You add the spells Inner Flame, Sticky Flame and Flame Wave
                  | to your library.
  3642 | D:5      | Reached skill level 6 in Fighting
  3736 | D:5      | Reached skill level 6 in Short Blades
  3736 | D:5      | Reached XP level 7. HP: 46/46 MP: 7/7
  3933 | D:5      | You pick up a book of Battle and begin reading...
  3933 | D:5      | You add the spells Fugue of the Fallen and Manifold Assault
                  | to your library.
  4339 | D:5      | HP: 8/47 [orc priest/divine providence (12)]
  4456 | D:5      | Reached skill level 7 in Short Blades
  4633 | D:6      | Noticed Sigmund
  4705 | D:6      | Reached skill level 3 in Dodging
  4720 | D:6      | Reached XP level 8. HP: 45/52 MP: 8/8
  4724 | D:6      | Found a glowing drain.
  4736 | Sewer    | Entered a sewer
  5050 | Sewer    | Reached skill level 4 in Dodging
  5120 | Sewer    | Reached skill level 7 in Fighting
  5277 | D:6      | Found a staircase to the Ecumenical Temple.
  5312 | D:6      | Reached skill level 5 in Dodging
  5323 | Temple   | Entered the Ecumenical Temple
  5350 | Temple   | Became a worshipper of Nemelex Xobeh the Trickster
  5497 | D:6      | Reached skill level 8 in Fighting
  5571 | D:6      | Reached skill level 6 in Dodging
  5644 | D:6      | Noticed Jeremiah
  5657 | D:6      | Gained mutation: Your flesh is heat resistant. (rF+)
                  | [potion of mutation]
  5658 | D:6      | Killed Jeremiah
  5659 | D:6      | Reached XP level 9. HP: 46/60 MP: 9/9
  5765 | D:6      | You pick up a book of Displacement and begin reading...
  5765 | D:6      | You add the spells Lesser Beckoning, Gell's Gravitas and
                  | Teleport Other to your library.
  5793 | D:6      | Reached skill level 7 in Dodging
  5870 | D:6      | Found a glowing silver altar of Zin.
  6045 | D:6      | Identified a scroll of acquirement
  6046 | D:6      | Acquired a +2 vampiric rapier
  6117 | D:6      | Reached skill level 8 in Short Blades
  6208 | D:6      | Killed Sigmund
  6372 | D:7      | Reached * piety under Nemelex Xobeh
  6372 | D:7      | Received a gift from Nemelex Xobeh
  6404 | D:7      | magus.rc [v1.9.6]
  6471 | D:6      | Reached skill level 9 in Short Blades
  6500 | D:7      | Reached skill level 1 in Invocations
  6561 | D:7      | Reached skill level 2 in Invocations
  6614 | D:7      | Noticed Menkaure
  6667 | D:7      | Noticed Maurice
  6721 | D:6      | Reached skill level 3 in Invocations
  6812 | D:7      | Reached skill level 10 in Short Blades
  7101 | D:7      | Reached skill level 4 in Invocations
  7335 | D:7      | Found a runed translucent door.
  7338 | D:7      | Noticed Crazy Yiuf
  7346 | D:7      | Killed Crazy Yiuf
  7442 | D:8      | Reached XP level 10. HP: 65/65 MP: 13/13
  7528 | D:8      | Reached skill level 5 in Invocations
  7541 | D:8      | You pick up a book of Necromancy and begin reading...
  7541 | D:8      | You add the spells Necrotise, Vampiric Draining, Martyr's
                  | Knell and Curse of Agony to your library.
  7551 | D:8      | Found a flagged portal.
  7558 | Bailey   | Entered a bailey
  7590 | Bailey   | Reached ** piety under Nemelex Xobeh
  7590 | Bailey   | Received a gift from Nemelex Xobeh
  7662 | Bailey   | Reached skill level 11 in Short Blades
  7771 | Bailey   | Reached skill level 12 in Short Blades
  7788 | Bailey   | Identified the +1 short sword of the Devouring Saviour
                  | {spect, ^Contam rElec rC+ SInv}
  7849 | Bailey   | Noticed an orc warlord
  7856 | Bailey   | HP: 13/65 [orc warlord/+5 battleaxe (15)]
  8104 | D:8      | Reached skill level 13 in Short Blades
  8306 | D:8      | Found a radiant altar of Vehumet.
  8493 | D:8      | Found a staircase to the Lair.
  8522 | D:8      | Noticed a rime drake
  8526 | D:8      | Killed a rime drake
  8527 | D:8      | Reached skill level 14 in Short Blades
  8527 | D:8      | Reached skill level 9 in Fighting
  8664 | D:8      | Killed an unseen horror
  8665 | D:8      | Reached XP level 11. HP: 43/71 MP: 14/14
  9052 | D:8      | Found an iron altar of Okawaru.
  9268 | D:8      | Found a broken altar of Ashenzari.
  9329 | D:9      | Noticed a two-headed ogre
  9349 | D:9      | Reached skill level 8 in Stealth
  9399 | D:9      | Found a white marble altar of Elyvilon.
  9401 | D:9      | Reached skill level 8 in Dodging
  9559 | D:9      | You add the spells Cigotuvi's Dreadful Rot, Ignite Poison
                  | and Freezing Cloud to your library.
  9566 | D:9      | Received a gift from Nemelex Xobeh
  9706 | D:9      | Reached *** piety under Nemelex Xobeh
 10042 | D:9      | Killed a two-headed ogre
 10043 | D:9      | Reached skill level 10 in Fighting
 10043 | D:9      | Reached skill level 9 in Stealth
 10160 | D:10     | Entered Level 10 of the Dungeon
 10164 | D:10     | Found a burning altar of Makhleb.
 10207 | D:10     | Reached skill level 9 in Dodging
 10276 | D:10     | Reached skill level 10 in Stealth
 10308 | D:10     | Found a runed translucent door.
 10310 | D:10     | Found a basalt altar of Yredelemnul.
 10339 | D:10     | Found a hazy altar of Hepliaklqana.
 10420 | D:10     | Received a gift from Nemelex Xobeh
 10544 | D:10     | Found a glowing golden altar of the Shining One.
 10547 | D:10     | Found an ancient bone altar of Kikubaaqudgha.
 10548 | D:10     | Found a shimmering altar of Xom.
 10715 | D:10     | Found a staircase to the Orcish Mines.
 11022 | D:10     | Reached skill level 10 in Dodging
 11095 | D:10     | Reached skill level 11 in Stealth
 11139 | D:10     | Noticed a deep elf pyromancer
 11153 | D:10     | Killed a deep elf pyromancer
 11275 | Lair:1   | Entered Level 1 of the Lair of Beasts
 11276 | Lair:1   | magus.rc [v1.9.6]
 11279 | Lair:1   | Noticed an elephant
 11392 | Lair:1   | Noticed a four-headed hydra
 11481 | Lair:1   | Reached XP level 12. HP: 77/77 MP: 15/15
 11636 | Lair:1   | Reached skill level 12 in Stealth
 11655 | Lair:1   | Reached skill level 11 in Dodging
 11929 | Lair:1   | Reached skill level 12 in Dodging
 12002 | Lair:1   | Identified the +3 quarterstaff of Fiomaith {flame, rElec
                  | Int+6}
 12012 | Lair:1   | Received a gift from Nemelex Xobeh
 12334 | Lair:1   | Reached **** piety under Nemelex Xobeh
 12566 | Lair:2   | Received a gift from Nemelex Xobeh
 12585 | Lair:2   | Found a hole to the Spider Nest.
 12585 | Lair:2   | Noticed a pharaoh ant
 12682 | Lair:2   | Noticed a boulder beetle
 12701 | Lair:2   | Killed a boulder beetle
 12702 | Lair:2   | Reached skill level 6 in Invocations
 12779 | Lair:2   | Noticed a six-headed hydra
 12797 | Lair:2   | Killed a six-headed hydra
 12892 | Lair:2   | You fall into a shaft and drop 2 floors!
 12941 | Lair:3   | You pick up a book of the Senses and begin reading...
 12941 | Lair:3   | You add the spells Dazzling Flash, Mephitic Cloud and
                  | Silence to your library.
 13000 | Lair:3   | Reached skill level 13 in Stealth
 13134 | Lair:3   | Found a staircase to the Shoals.
 13240 | Lair:3   | Noticed Snorg
 13325 | Lair:3   | Found a dark tunnel.
 13342 | Volcano  | Entered a volcano
 13362 | Volcano  | Reached skill level 11 in Fighting
 13362 | Volcano  | Reached XP level 13. HP: 84/84 MP: 18/18
 13394 | Volcano  | Reached skill level 13 in Dodging
 13468 | Volcano  | Reached skill level 7 in Invocations
 13560 | Volcano  | Found a radiant altar of Vehumet.
 13561 | Volcano  | Noticed a centaur warrior
 13575 | Volcano  | Killed a centaur warrior
 14136 | Lair:3   | Killed Snorg
 14137 | Lair:3   | Reached skill level 14 in Stealth
 14398 | Lair:3   | Reached skill level 8 in Invocations
 14923 | Lair:2   | Received a gift from Nemelex Xobeh
 15104 | Lair:2   | Identified the +0 long sword "Dathyi Dovo" {elec, rF+ Str-4
                  | SInv}
 15130 | Lair:2   | Reached skill level 12 in Fighting
 15132 | Lair:2   | Reached skill level 14 in Dodging
 15575 | Lair:4   | Acquired an amulet of regeneration
 15671 | Lair:3   | Reached skill level 15 in Stealth
 15776 | Lair:4   | Reached ***** piety under Nemelex Xobeh
 15828 | Lair:4   | Reached skill level 9 in Invocations
 15849 | Lair:4   | HP: 13/87 [black mamba (33)]
 15966 | Lair:4   | Reached XP level 14. HP: 90/92 MP: 20/20
 16505 | Lair:4   | Reached skill level 13 in Fighting
 16512 | Lair:4   | Reached skill level 16 in Stealth
 16512 | Lair:4   | Reached skill level 10 in Invocations
 16890 | Lair:5   | Entered Level 5 of the Lair of Beasts
 17061 | Lair:5   | Reached skill level 14 in Fighting
 17067 | Lair:5   | Reached skill level 1 in Evocations
 17069 | Lair:5   | Received a gift from Nemelex Xobeh
 17082 | Lair:5   | Reached skill level 2 in Evocations
 17155 | Lair:5   | Reached skill level 3 in Evocations
 17252 | Lair:5   | Found a viscous altar of Jiyva.
 17252 | Lair:5   | Found a staircase to the Slime Pits.
 17257 | Lair:5   | Reached skill level 4 in Evocations
 17391 | Lair:5   | Reached skill level 5 in Evocations
 17413 | Lair:5   | Reached skill level 6 in Evocations
 17468 | Lair:5   | Reached skill level 7 in Evocations
 17479 | Lair:5   | Identified the +1 cloak "Macrek" {^Drain rElec Int+2}
 17547 | Lair:5   | Reached skill level 8 in Evocations
 17726 | Lair:5   | Reached XP level 15. HP: 95/100 MP: 22/22
 17768 | Lair:5   | Reached skill level 9 in Evocations
 18220 | Orc:1    | Entered Level 1 of the Orcish Mines
 18415 | Orc:1    | Reached skill level 10 in Evocations
 18450 | Orc:1    | Learned a level 3 spell: Mephitic Cloud
 18667 | Orc:2    | Entered Level 2 of the Orcish Mines
 18672 | Orc:2    | Reached skill level 1 in Spellcasting
 18817 | Orc:1    | Reached skill level 1 in Conjurations
 18817 | Orc:1    | Reached skill level 1 in Air Magic
 18817 | Orc:1    | Reached skill level 1 in Alchemy
 19129 | Orc:2    | Reached skill level 2 in Spellcasting
 19275 | Orc:2    | Found Rurihi's Antique Armour Shoppe.
 19291 | Orc:2    | Found a staircase to the Elven Halls.
 19419 | Orc:2    | Reached skill level 2 in Conjurations
 19419 | Orc:2    | Reached skill level 2 in Air Magic
 19570 | Orc:2    | Reached skill level 2 in Alchemy
 19721 | Orc:2    | Reached skill level 3 in Spellcasting
 19730 | Orc:2    | Reached skill level 3 in Conjurations
 19730 | Orc:2    | Reached skill level 3 in Air Magic
 19733 | Orc:2    | Reached skill level 3 in Alchemy
 19776 | Orc:2    | Reached skill level 4 in Spellcasting
 19793 | Orc:2    | Reached skill level 5 in Spellcasting
 19841 | Orc:2    | Reached skill level 4 in Conjurations
 20026 | Orc:2    | Received a gift from Nemelex Xobeh
 20033 | Orc:2    | Found Beirriu's Antique Armour Shop.
 20033 | Orc:2    | Found Watayd's Magic Scroll Emporium.
 20034 | Orc:2    | Found Hehi's Distillery.
 20034 | Orc:2    | Found Uxul's Distillery.
 20041 | Orc:2    | Bought a scroll of enchant weapon for 90 gold pieces
 20043 | Orc:2    | Bought a shimmering robe for 182 gold pieces
 20043 | Orc:2    | Identified the +1 robe "Iroujywy" {rN+ Dex+5} (You bought
                  | it in a shop on level 2 of the Orcish Mines)
 20044 | Orc:2    | Bought a potion of curing for 39 gold pieces
 20044 | Orc:2    | Bought a potion of invisibility for 104 gold pieces
 20044 | Orc:2    | Bought a potion of haste for 130 gold pieces
 20045 | Orc:2    | Bought a potion of heal wounds for 65 gold pieces
 20045 | Orc:2    | Bought a potion of heal wounds for 65 gold pieces
 20045 | Orc:2    | Bought a potion of heal wounds for 65 gold pieces
 20274 | Orc:2    | Reached skill level 4 in Air Magic
 20274 | Orc:2    | Reached skill level 4 in Alchemy
 20334 | Orc:2    | Bought a smoking scarf for 320 gold pieces
 20334 | Orc:2    | Identified the scarf of the Gastropod {repulsion, -Cast
                  | rPois rC+ rCorr} (You bought it in a shop on level 2 of the
                  | Orcish Mines)
 20581 | D:11     | You pick up a book of the Senses and begin reading...
 21057 | D:11     | Noticed Grum
 21063 | D:11     | Killed Grum
 21070 | D:11     | You pick up a book of the Wilderness and begin reading...
 21070 | D:11     | You add the spells Summon Forest, Summon Mana Viper and
                  | Summon Cactus Giant to your library.
 21082 | D:11     | Reached XP level 16. HP: 106/106 MP: 23/23
 21260 | D:12     | Received a gift from Nemelex Xobeh
 21561 | D:12     | Found a shimmering altar of Xom.
 22165 | D:13     | Received a gift from Nemelex Xobeh
 22653 | D:14     | Acquired the +9 quick blade of the Bouncing Mystics
                  | {freeze, rF+ rCorr}
 22829 | D:14     | Found a gate to the Vaults.
 22854 | D:14     | Reached skill level 17 in Stealth
 22904 | D:14     | Reached skill level 11 in Invocations
 23138 | D:14     | Received a gift from Nemelex Xobeh
 23166 | D:14     | Reached skill level 15 in Dodging
 23276 | D:14     | Found an iron altar of Okawaru.
 23335 | D:14     | Reached ****** piety under Nemelex Xobeh
 23701 | D:14     | Reached skill level 15 in Fighting
 24081 | D:15     | Entered Level 15 of the Dungeon
 24095 | D:15     | Noticed Roxanne
 24195 | D:15     | Received a gift from Nemelex Xobeh
 24324 | D:15     | Found a staircase to the Depths.
 24357 | D:15     | HP: 26/108 [ettin/+0 dire flail (18)]
 24551 | D:15     | Reached skill level 1 in Shields
 24566 | D:15     | Reached skill level 2 in Shields
 24591 | D:15     | Reached XP level 17. HP: 104/113 MP: 10/25
 24877 | D:15     | Reached skill level 3 in Shields
 24942 | D:15     | Found Teefumej's Tiny Tomes.
 25351 | Lair:1   | Reached skill level 4 in Shields
 25484 | Spider:1 | Entered Level 1 of the Spider Nest
 25516 | Spider:1 | Reached skill level 5 in Shields
 25649 | Spider:1 | Noticed Agnes
 25860 | Spider:1 | Reached skill level 6 in Shields
 25905 | Spider:1 | Received a gift from Nemelex Xobeh
 26044 | Spider:1 | Killed Agnes
 26499 | Spider:1 | Upgraded the game from 0.31-a0-1529-g7bd419a0e5 to
                  | 0.31-a0-1539-g569d6c7dce
 26499 | Spider:1 | magus.rc [v1.9.6]
 26506 | Spider:2 | Identified the serpent talisman "Urebyst" {rN+ Int+3
                  | Stlth-}
 26506 | Spider:2 | Noticed Aizul
 26532 | Spider:2 | Killed Aizul
 26601 | Spider:2 | Noticed Mlioglotl
 26687 | Spider:2 | Reached skill level 18 in Stealth
 26757 | Spider:2 | Reached skill level 12 in Invocations
 26972 | Spider:2 | Noticed Arachne
 26975 | Spider:2 | Killed Arachne
 26984 | Spider:2 | Received a gift from Nemelex Xobeh
 27477 | Spider:3 | Reached skill level 16 in Dodging
 28218 | Spider:4 | Entered Level 4 of the Spider Nest
 28276 | Spider:4 | Received a gift from Nemelex Xobeh
 28398 | Spider:4 | Reached skill level 16 in Fighting
 28483 | Spider:4 | Reached skill level 19 in Stealth
 28483 | Spider:4 | Reached XP level 18. HP: 120/120 MP: 27/27
 29026 | Spider:4 | Reached skill level 17 in Dodging
 29569 | Spider:4 | Found the +0 pair of fencer's gloves {Riposte Dex+3}
 29584 | Spider:4 | Reached skill level 20 in Stealth
 29647 | Spider:4 | Got a gossamer rune of Zot
 29924 | Shoals:1 | Entered Level 1 of the Shoals
 30001 | Shoals:1 | Reached skill level 18 in Dodging
 30028 | Shoals:1 | Received a gift from Nemelex Xobeh
 30707 | Shoals:1 | Received a gift from Nemelex Xobeh
 31055 | Shoals:2 | Received a gift from Nemelex Xobeh
 31292 | Shoals:2 | Reached skill level 19 in Dodging
 31455 | Shoals:2 | Found Fawkyure's Jewellery Boutique.
 32139 | Shoals:3 | You pick up a book of the Wilderness and begin reading...
 32360 | Shoals:3 | Reached XP level 19. HP: 107/125 MP: 28/28
 32362 | Shoals:3 | Reached skill level 20 in Dodging
 32424 | Shoals:3 | Found Ymick's Magic Scroll Emporium.
 32435 | Shoals:3 | Bought a scroll of teleportation for 42 gold pieces
 32435 | Shoals:3 | Bought a scroll of enchant armour for 105 gold pieces
 32562 | Shoals:3 | Received a gift from Nemelex Xobeh
 32998 | Shoals:3 | Identified the +9 trident of Tavesur {freeze, rElec rF- rN+
                  | Int+7}
 33252 | Shoals:3 | Reached skill level 21 in Stealth
 33295 | Shoals:4 | Entered Level 4 of the Shoals
 33307 | Shoals:4 | Identified the +1 long sword "Luobi" {holy, rN+ Str+2}
 33561 | Shoals:4 | Received a gift from Nemelex Xobeh
 33596 | Shoals:4 | Reached skill level 22 in Stealth
 33646 | Shoals:4 | Got a barnacled rune of Zot
 33791 | Shoals:4 | You add the spells Eringya's Noxious Bog and Summon Hydra
                  | to your library.
 34052 | Shoals:4 | Noticed Polyphemus
 34065 | Shoals:4 | Reached skill level 23 in Stealth
 34202 | Shoals:4 | Killed Polyphemus
 34237 | Shoals:4 | Identified the +10 trident of the Stained God {flame, rN+}
 34936 | Vaults:1 | Entered Level 1 of the Vaults
 35136 | Vaults:1 | Reached skill level 24 in Stealth
 35176 | Vaults:1 | Acquired 647 gold pieces
 35361 | Vaults:1 | Reached XP level 20. HP: 131/131 MP: 29/29
 35499 | Vaults:1 | Reached skill level 25 in Stealth
 35597 | Vaults:1 | You pick up a book of the Warp and begin reading...
 35597 | Vaults:1 | You add the spells Dispersal and Disjunction to your
                  | library.
 35682 | Vaults:1 | Found the +11 plutonium sword {^Contam Stlth-}
 35717 | Vaults:1 | Received a gift from Nemelex Xobeh
 35948 | Vaults:1 | Reached skill level 26 in Stealth
 36305 | Vaults:1 | Received a gift from Nemelex Xobeh
 37071 | Vaults:2 | Found a staircase to the Crypt.
 37191 | Vaults:2 | Received a gift from Nemelex Xobeh
 37513 | Vaults:2 | Reached skill level 27 in Stealth
 38080 | Vaults:2 | Identified the +4 scale mail "Loxest" {MP+9}
 38479 | Vaults:2 | Received a gift from Nemelex Xobeh
 38526 | Vaults:2 | Found Adgherhan's Weapon Shoppe.
 38550 | Vaults:2 | magus.rc [v1.9.6]
 38564 | Vaults:2 | Reached XP level 21. HP: 132/137 MP: 30/30
 39038 | Vaults:3 | Received a gift from Nemelex Xobeh
 39077 | Vaults:3 | Reached skill level 17 in Fighting
 39176 | Vaults:3 | Reached skill level 21 in Dodging
 39599 | Vaults:3 | Received a gift from Nemelex Xobeh
 39893 | Vaults:3 | Found Edeq's Weapon Shoppe.
 40171 | Vaults:4 | Reached skill level 15 in Short Blades
 40177 | Vaults:4 | Received a gift from Nemelex Xobeh
 40996 | Vaults:4 | Received a gift from Nemelex Xobeh
 41076 | Vaults:4 | Reached skill level 16 in Short Blades
 41081 | Vaults:4 | Reached skill level 18 in Fighting
 41345 | Vaults:4 | Received a gift from Nemelex Xobeh
 41390 | Vaults:4 | Reached XP level 22. HP: 147/147 MP: 31/31
 41880 | Vaults:4 | Identified the ring of Awuwein {rF+ Dex+2 SInv}
 42236 | Elf:1    | Entered Level 1 of the Elven Halls
 42344 | Elf:1    | Reached skill level 22 in Dodging
 42353 | Elf:1    | Acquired a manual of Spellcasting
 43247 | Elf:1    | Reached skill level 6 in Spellcasting
 43342 | Elf:1    | Received a gift from Nemelex Xobeh
 43374 | Elf:1    | You pick up a book of Decay and begin reading...
 43374 | Elf:1    | You add the spells Dispel Undead and Death Channel to your
                  | library.
 43641 | Elf:1    | Reached skill level 7 in Spellcasting
 44003 | Elf:2    | Received a gift from Nemelex Xobeh
 44038 | Elf:2    | Reached skill level 8 in Spellcasting
 44332 | Elf:2    | Found a runed translucent gate.
 44332 | Elf:2    | Found a runed translucent gate.
 44332 | Elf:2    | Found a runed translucent gate.
 44572 | Elf:3    | Entered Level 3 of the Elven Halls
 44587 | Elf:3    | Reached skill level 19 in Fighting
 44769 | Elf:3    | Reached skill level 9 in Spellcasting
 44861 | Elf:3    | Received a gift from Nemelex Xobeh
 45274 | Elf:3    | Reached skill level 10 in Spellcasting
 45388 | Elf:3    | Identified the -1 long sword of Effesaw {venom, Fly}
 45485 | Elf:3    | Reached skill level 11 in Spellcasting
 45573 | Elf:3    | Identified the staff of Wunnef {rPois rCorr Alchemy}
 45605 | Elf:3    | Identified the ring of Bipnupibra {+Blink rPois rF++ rC-
                  | SInv}
 45647 | Elf:3    | You pick up a book of Fire and begin reading...
 45647 | Elf:3    | You add the spells Foxfire, Plasma Beam and Starburst to
                  | your library.
 45661 | Elf:3    | You pick up a book of Battle and begin reading...
 45682 | Elf:3    | Identified the +8 great mace "Umucriap" {venom, *Noise
                  | Str+3}
 45701 | Elf:3    | You add the spells Volatile Blastmotes and Ignition to your
                  | library.
 45701 | Elf:3    | Got the Precepts of Obstruction and Cinders
 45705 | Elf:3    | Identified the staff "Beetleslayer" {rF+ rC- Will- Str+5
                  | Dex+8 Fire}
 45722 | Elf:3    | Identified the +6 hand axe "Gedazir" {drain, rPois}
 45771 | Elf:3    | You pick up a book of Power and begin reading...
 45771 | Elf:3    | You add the spells Iskenderun's Battlesphere, Bombard and
                  | Spellforged Servitor to your library.
 46029 | Depths:1 | Entered Level 1 of the Depths
 46145 | Depths:1 | Found a one-way gate to the infinite horrors of the Abyss.
 46145 | Depths:1 | Noticed Louise
 46149 | Depths:1 | Killed Louise
 46209 | Depths:1 | Received a gift from Nemelex Xobeh
 46254 | Depths:1 | Noticed Mara
 46328 | Depths:1 | Noticed MackTheKnife's illusion
 46332 | Depths:1 | Mara changed into Mara the wendigo
 46332 | Depths:1 | Noticed Mara
 46339 | Depths:1 | Killed Mara the wendigo
 46672 | Depths:1 | Identified the +5 short sword "Killer Bee's Bane" {elec,
                  | rElec rC++ Will+ Int+3}
 46925 | Depths:1 | Found a gateway to Hell.
 47067 | Depths:1 | Identified the +8 hand axe "Wiag" {drain, Will- Str+5}
 47442 | Depths:1 | magus.rc [v1.9.6]
 47494 | Depths:2 | Found a portal to a secret trove of treasure.
 47532 | Depths:2 | Reached skill level 12 in Spellcasting
 47532 | Depths:2 | Reached XP level 23. HP: 117/156 MP: 28/39
 47735 | Depths:2 | Found Beorch's Weapon Emporium.
 47737 | Depths:2 | Found Etropnomom's Armour Shoppe.
 47737 | Depths:2 | Found Tivuc's Weapon Emporium.
 47742 | Depths:2 | Bought the +5 Storm Queen's Shield {shock, Fly rElec} for
                  | 547 gold pieces
 47742 | Depths:2 | Found the +5 Storm Queen's Shield {shock, Fly rElec}
 47782 | Depths:2 | Reached skill level 20 in Fighting
 47977 | Depths:2 | Reached skill level 7 in Shields
 48225 | Depths:2 | Found a one-way gate leading to the halls of Pandemonium.
 48231 | Depths:2 | Reached skill level 8 in Shields
 48671 | Depths:2 | Received a gift from Nemelex Xobeh
 48680 | Depths:2 | Found a one-way gateway to a ziggurat.
 48906 | Depths:3 | Noticed Mennas
 48925 | Depths:3 | Reached skill level 9 in Shields
 49923 | Depths:3 | Noticed Sojobo
 49999 | Depths:3 | Killed Mennas
 50000 | Depths:3 | Reached skill level 10 in Shields
 50074 | Depths:3 | Killed Sojobo
 50263 | Depths:3 | Paralysed by a sphinx for 5 turns
 50265 | Depths:3 | You are cast into the Abyss!
 50265 | Abyss:3  | Cast into level 3 of the Abyss (hell knight)
 50310 | Abyss:3  | Found a corrupted altar of Lugonu.
 50337 | Abyss:3  | Found a corrupted altar of Lugonu.
 50397 | Abyss:3  | Received a gift from Nemelex Xobeh
 50421 | Abyss:3  | Reached skill level 11 in Shields
 50442 | Abyss:3  | Paralysed by you for 1 turns
 50491 | Abyss:3  | Found a corrupted altar of Lugonu.
 50522 | Abyss:3  | Found a huge runed gate.
 50522 | Abyss:3  | Found a huge runed gate.
 50522 | Abyss:3  | Found a huge runed gate.
 50523 | Abyss:3  | Found a huge runed gate.
 50528 | Abyss:3  | Found a huge runed gate.
 50528 | Abyss:3  | Found a huge runed gate.
 50540 | Abyss:3  | Found a huge runed gate.
 50757 | Abyss:4  | Received a gift from Nemelex Xobeh
 50863 | Abyss:4  | Reached XP level 24. HP: 135/163 MP: 33/39
 51003 | Abyss:4  | Reached skill level 12 in Shields
 51050 | Abyss:4  | Received a gift from Nemelex Xobeh
 51140 | Abyss:4  | Got an abyssal rune of Zot
 51171 | Abyss:4  | HP: 40/163 [oklob plant/splash of acid (7)]
 51278 | Abyss:5  | Found a corrupted altar of Lugonu.
 51398 | Abyss:5  | Reached skill level 13 in Shields
 51400 | Depths:3 | You pass through the gate.
 51400 | Depths:3 | Escaped the Abyss
 51574 | Depths:2 | You showed the abyssal rune of Zot to enter a treasure
                  | trove
 51575 | Trove    | Entered a treasure trove
 51580 | Trove    | You pick up a book of the Moon and begin reading...
 51580 | Trove    | You add the spells Passage of Golubria and Lehudib's
                  | Crystal Spear to your library.
 51583 | Trove    | You add the spells Freeze, Ensorcelled Hibernation, Call
                  | Imp, Summon Ice Beast and Call Canine Familiar to your
                  | library.
 51583 | Trove    | Got Sif Muna's Codex of Congregated Freezing
 51599 | Trove    | You add the spells Summon Blazeheart Golem, Vhi's Electric
                  | Charge, Monstrous Menagerie and Dragon's Call to your
                  | library.
 51599 | Trove    | Got Sif Muna's Omnibus of the Quantum Boggart
 51602 | Trove    | You pick up a book of the Wilderness and begin reading...
 51605 | Trove    | You add the spells Sting, Mercury Vapours and Olgreb's
                  | Toxic Radiance to your library.
 51608 | Trove    | You pick up a book of Party Tricks and begin reading...
 51608 | Trove    | You add the spells Apportation, Jinxbite and Alistair's
                  | Intoxication to your library.
 51621 | Trove    | You add the spells Momentum Strike, Haunt and Summon
                  | Horrible Things to your library.
 51621 | Trove    | Got Sif Muna's Book of Portals and Assembling
 51624 | Trove    | You pick up a book of Displacement and begin reading...
 51627 | Trove    | You pick up a book of Blasting and begin reading...
 51627 | Trove    | You add the spells Fulminant Prism and Iskenderun's Mystic
                  | Blast to your library.
 51981 | Depths:3 | Found the +3 hat of Pondering {ponderous, Will+ MP+10
                  | Int+5}
 52041 | Depths:3 | Received a gift from Nemelex Xobeh
 52399 | Depths:3 | Identified the +1 robe of Too Many Cooks {Str+2 Dex-5
                  | Slay+2}
 52524 | Depths:4 | Entered Level 4 of the Depths
 52715 | Depths:4 | You pick up a book of the Hunter and begin reading...
 52715 | Depths:4 | You add the spells Sigil of Binding and Dimensional
                  | Bullseye to your library.
 52791 | Depths:4 | Found a runed translucent gate.
 52791 | Depths:4 | Found a runed translucent gate.
 52791 | Depths:4 | Found a runed translucent gate.
 52795 | Depths:4 | Noticed Gaexku's ghost (veteran DrSh)
 52821 | Depths:4 | Reached skill level 14 in Shields
 52822 | Depths:4 | Identified the +1 trident "Embalmer" {venom, rC+ Dex-4
                  | Stlth+}
 52861 | Depths:4 | Killed Gaexku's ghost
 52871 | Depths:4 | Got the Information on Underground Points
 52910 | Depths:4 | You pick up a book of Winter and begin reading...
 52913 | Depths:4 | Got the Meditations on Ouranomancy
 52917 | Depths:4 | You pick up a book of Misfortune and begin reading...
 52917 | Depths:4 | You add the spells Yara's Violent Unravelling and Enfeeble
                  | to your library.
 52960 | Depths:4 | Found Efoty's Elemental Accessories.
 53171 | Depths:4 | Reached skill level 23 in Dodging
 53575 | Depths:4 | Identified +9 gold dragon scales
 53575 | Depths:4 | Noticed Parghit
 53985 | Depths:4 | Received a gift from Nemelex Xobeh
 54177 | Depths:4 | Parghit changed into Parghit the juggernaut
 54177 | Depths:4 | Noticed Parghit
 54195 | Depths:4 | Killed Parghit the juggernaut
 54200 | Depths:4 | 4 large rocks {=fthrowing}; +9 gold dragon scales {rare}
 54332 | Depths:4 | Reached skill level 24 in Dodging
 54713 | Depths:4 | Found a gate to the Realm of Zot.
 54873 | Depths:4 | Reached XP level 25. HP: 161/168 MP: 38/39
 54900 | Depths:4 | Reached skill level 25 in Dodging
 54937 | Depths:4 | Found Big Baal Hell's Store.
 55289 | Vaults:4 | magus.rc [v1.9.6]
 55621 | Zot:1    | Entered Level 1 of the Realm of Zot
 55776 | Zot:5    | Entered Level 5 of the Realm of Zot
 55800 | Zot:5    | Received a gift from Nemelex Xobeh
 55872 | Zot:5    | Reached skill level 26 in Dodging
 55914 | Zot:5    | Noticed an ancient lich
 55922 | Zot:5    | Noticed a curse toe
 55926 | Zot:5    | Killed an ancient lich
 55926 | Zot:5    | Noticed an orb of fire
 55930 | Zot:5    | Noticed an orb of fire
 55931 | Zot:5    | Noticed a Killer Klown
 55932 | Zot:5    | Gained mutation: You passively dampen the noise of your
                  | surroundings. [an orb of fire]
 55932 | Zot:5    | Noticed an orb of fire
 55935 | Zot:5    | Noticed an ancient lich
 55938 | Zot:5    | Killed an ancient lich
 55978 | Zot:5    | Noticed an electric golem
 55980 | Zot:5    | Noticed an orb of fire
 55982 | Zot:5    | Noticed an orb of fire
 55983 | Zot:5    | Noticed a dread lich
 55985 | Zot:5    | Noticed a Killer Klown
 55986 | Zot:5    | Noticed an ancient lich
 55986 | Zot:5    | Noticed an orb of fire
 55987 | Zot:5    | Noticed an orb of fire
 55987 | Zot:5    | Noticed an orb of fire
 55999 | Zot:5    | Got the Orb of Zot
 56195 | Depths:2 | magus.rc [v1.9.6]
 56200 | Depths:2 | Gained mutation: You are clumsy. (Dex -2) [a cacodemon]
 56393 | D:6      | Reached skill level 27 in Dodging
 56535 | D:$      | Escaped with the Orb!

Vanquished Creatures
  An ancient lich (Zot:5)
  Mennas (Depths:3)
  A juggernaut (Depths:4)
  Sojobo (Depths:3)
  The ghost of Gaexku the Warrior, a veteran DrSh of Okawaru (Depths:4)
  A profane servitor (Abyss:4)
  Arachne (Spider:2)
  A bone dragon (Abyss:4)
  A tentacled monstrosity (Zot:5)
  8 Orb Guardians
  4 liches
  2 deep elf master archers (Elf:3)
  3 deep elf blademasters (Elf:3)
  A walking frostbound tome (Depths:4)
  5 sphinxes
  Polyphemus (Shoals:4)
  A death cob (Zot:2)
  2 Executioners (Abyss:4)
  A kraken (Shoals:3)
  Agnes (Spider:1)
  7 tengu reavers
  7 tentacled starspawn
  Aizul (Spider:2)
  A revenant (Abyss:3)
  2 storm dragons
  A fire giant (Depths:3)
  3 emperor scorpions
  An iron dragon (Depths:3)
  A draconian knight (Zot:1)
  A draconian monk (Depths:4)
  4 frost giants
  13 vault wardens
  A draconian scorcher (Depths:4)
  5 ghost moths
  2 draconian shifters
  2 deep elf sorcerers (Elf:3)
  4 deep elf elementalists (Elf:3)
  Louise (Depths:1)
  12 very ugly things
  A broodmother (Spider:3)
  18 ironbound preservers
  A draconian annihilator (Zot:1)
  6 stone giants
  9 ironbound thunderhulks
  A spriggan defender (Depths:4)
  3 green draconians (Zot:1)
  2 starflowers (Abyss:4)
  A juggernaut skeleton (Depths:2)
  A deep elf demonologist (Vaults:3)
  A vampire knight (Vaults:2)
  A white draconian (Zot:1)
  A wendigo (Depths:1)
  6 dire elephants
  3 deep elf annihilators
  2 yellow draconians (Depths:4)
  4 black draconians (Depths:4)
  A war gargoyle (Vaults:4)
  2 deep elf death magi
  4 spark wasps
  2 purple draconians (Zot:5)
  A crystal guardian (Vaults:4)
  9 ettins
  An eidolon (Vaults:2)
  Snorg (Lair:3)
  A red draconian (Zot:1)
  2 green deaths
  4 entropy weavers
  6 merfolk impalers
  4 merfolk javelineers
  6 fire dragons
  2 jiangshi (Depths:2)
  A shambling mangrove (Abyss:4)
  4 great orbs of eyes
  A peacekeeper (Vaults:4)
  3 yaktaur captains
  2 rakshasas
  7 hydras
  3 deep elf high priests
  2 ice dragons
  A spriggan zombie (Abyss:4)
  2 salamander tyrants
  4 ogre magi (Orc:2)
  11 ironbound frosthearts
  A sphinx zombie (Depths:2)
  2 spriggan air magi (Depths:4)
  11 vault guards
  9 boulder beetles
  6 centaur warriors
  2 radroaches
  19 two-headed ogres
  10 merfolk avatars
  A catoblepas (Shoals:4)
  8 dancing weapons
  4 merfolk aquamancers
  2 alligator snapping turtles (Shoals:4)
  7 deep troll shamans
  2 satyrs
  7 tengu warriors
  A vampire mage (Depths:2)
  14 death yaks
  5 demonic crawlers
  2 deep troll earth magi
  3 hell hogs
  An orc high priest (Orc:2)
  4 occultists
  2 soul eaters (Depths:2)
  22 hell knights
  4 spriggans
  A spriggan berserker (Depths:3)
  5 sun demons
  9 deep elf knights
  5 thrashing horrors
  7 wretched stars
  5 iron trolls
  2 sixfirhies
  4 skeletal warriors (D:11)
  2 skysharks
  7 pharaoh ants
  13 sea snakes
  A salamander mystic (Depths:4)
  14 ironbound convokers
  A shadow demon (Depths:3)
  60 deep trolls
  A goliath frog (Spider:4)
  3 sun moths
  8 deep elf archers
  2 glowing orange brains
  11 orb spiders
  17 lindwurms
  An obsidian statue (Volcano)
  8 arcanists
  13 necromancers
  33 deep elf pyromancers
  9 harpies
  24 deep elf zephyrmancers
  4 steelbarb worms
  A mana viper (Depths:2)
  37 ugly things
  2 orc sorcerers
  16 wolf spiders
  18 manticores
  13 fauns
  2 oklob plants
  8 salamanders
  7 cyclopes
  5 large abominations
  3 human zombies
  6 moths of wrath
  A human skeleton (Vaults:1)
  10 water nymphs
  3 kobold blastminers
  5 elephants (Lair:1)
  An apocalypse crab (Abyss:3)
  3 merfolk sirens
  10 black mambas
  2 gargoyles
  25 starcursed masses
  13 vault sentinels
  A cane toad (shapeshifter) (D:12)
  A water nymph (shapeshifter) (D:12)
  13 cane toads
  5 smoke demons
  4 torpor snails
  Jeremiah (D:6)
  6 rime drakes
  An efreet (D:14)
  2 hellions
  23 yaktaurs
  3 freezing wraiths
  An unseen horror (D:8)
  4 tengu conjurers
  A golden dragon simulacrum (Depths:2)
  12 komodo dragons
  4 ancient zymes
  8 trolls
  11 wind drakes
  A queen bee (shapeshifter) (D:14)
  2 hellwings (Abyss:4)
  18 merfolk
  9 hornets
  19 tarantellas
  4 polar bears
  A glass eye (Depths:4)
  2 blink frogs
  10 raiju
  10 snapping turtles
  6 dream sheep
  17 culicivoras
  16 slime creatures
  A ynoxinul (Abyss:5)
  Sigmund (D:6)
  18 jumping spiders
  4 wraiths
  2 shadows (D:12)
  A vampire (D:11)
  15 water elementals
  61 yaks
  8 fire bats
  2 fire elementals
  11 wyverns
  A hog (Orc:1)
  3 chaos spawn (Abyss:4)
  Grum (D:11)
  3 wargs
  13 vampire mosquitoes
  2 steam dragons (D:8)
  3 basilisks
  35 redbacks
  A swamp worm (shapeshifter) (Vaults:3)
  4 acid dragons
  13 water moccasins
  3 hell hounds (Abyss:4)
  30 orc warriors
  2 ettin simulacra (Vaults:1)
  A sky beast (D:6)
  4 ice beasts
  A boggart (Spider:4)
  A laughing skull (Abyss:5)
  31 wolves
  9 centaurs
  23 ogres
  An orc skeleton (Vaults:1)
  A phantom (D:5)
  A kobold brigand (D:11)
  2 weeping skulls (Abyss:5)
  A brain worm (Vaults:3)
  9 bullfrogs
  4 earth elementals
  3 scorpions
  3 wights (D:8)
  9 killer bees
  A human simulacrum (Vaults:2)
  8 howler monkeys
  5 electric eels
  5 lava snakes (Volcano)
  A bombardier beetle (D:6)
  3 jellies
  Crazy Yiuf (D:7)
  8 hounds
  10 orc priests
  An iguana (D:6)
  34 orc wizards
  8 gnolls
  11 adders
  3 river rats
  A shadow imp (Abyss:4)
  4 white imps
  2 dart slugs
  89 orcs
  24 ball pythons
  10 bats
  3 endoplasms
  9 giant cockroaches
  9 goblins
  16 hobgoblins
  2 jackals (D:3)
  4 quokkas
  6 frilled lizards
  2 goblin zombies (D:10)
  15 kobolds
  29 rats
  2 starspawn tentacles
  3 tentacles (Shoals:3)
1752 creatures vanquished.

Vanquished Creatures (collateral kills)
  An ancient lich (Zot:5)
  An Orb Guardian (Zot:5)
  A walking earthen tome (Depths:4)
  A storm dragon (Zot:5)
  A tengu reaver (Depths:3)
  A frost giant (Depths:3)
  A stone giant (Depths:2)
  A very ugly thing (Depths:2)
  A deep elf annihilator (Elf:3)
  A merfolk impaler (Shoals:4)
  2 ettins (Depths:3)
  A fire dragon (Depths:3)
  2 hydras
  A boulder beetle (Lair:5)
  2 deep troll earth magi
  A deep troll shaman (Depths:3)
  A spriggan berserker (Depths:4)
  An iron troll (Depths:3)
  A skeletal warrior (D:11)
  A deep troll (Depths:3)
  An arcanist (Vaults:3)
  A deep elf zephyrmancer (Elf:3)
  A harpy (Lair:5)
  4 ugly things
  A wolf spider (Spider:4)
  2 elephants (Lair:5)
  A komodo dragon (Lair:5)
  A rime drake (Lair:5)
  A merfolk (Shoals:4)
  2 tarantellas (Spider:4)
  A blink frog (Lair:5)
  A wind drake (Lair:5)
  5 yaks (Lair:2)
  2 redbacks (Spider:4)
  An orc warrior (Orc:2)
  3 wolves (Lair:5)
  A scorpion (Lair:5)
  An orc priest (Orc:2)
  2 orcs (Orc:2)
  A goblin (Bailey)
56 creatures vanquished.

Vanquished Creatures (others)
  A reaper (Abyss:5)
  A spriggan berserker (Depths:4)
  An air elemental (Elf:3)
  A redback (Spider:4)
  A small abomination (Abyss:4)
  An orc wizard (D:9)
  11 starspawn tentacles
  A tentacle (Shoals:3)
18 creatures vanquished.

Grand Total: 1826 creatures vanquished

Table legend:
 A = Non-vault XP
 B = Vault XP
 C = Vault XP percentage of total XP
 D = Non-vault monster count
 E = Vault monster count
 F = Vault count percentage of total count
                 A         B        C        D         E       F
            +---------+---------+-------+---------+---------+-------
      Total |  557142 |  302008 |  35.2 |    1281 |     521 |  28.9
            +---------+---------+-------+---------+---------+-------
        D:1 |      41 |       0 |   0.0 |      23 |       0 |   0.0
        D:2 |      73 |       0 |   0.0 |      22 |       0 |   0.0
        D:3 |      87 |       0 |   0.0 |      25 |       0 |   0.0
        D:4 |     234 |      15 |   6.0 |      23 |       2 |   8.0
        D:5 |     441 |      56 |  11.3 |      12 |       2 |  14.3
        D:6 |     958 |     642 |  40.1 |      29 |       8 |  21.6
        D:7 |     881 |      41 |   4.4 |      23 |       1 |   4.2
        D:8 |    1934 |    1284 |  39.9 |      29 |       7 |  19.4
        D:9 |    2198 |       0 |   0.0 |      18 |       0 |   0.0
       D:10 |    3438 |    1176 |  25.5 |      24 |      11 |  31.4
       D:11 |    7458 |     974 |  11.6 |      24 |       7 |  22.6
       D:12 |    2811 |    4370 |  60.9 |      12 |      10 |  45.5
       D:13 |    6510 |       0 |   0.0 |      15 |       0 |   0.0
       D:14 |   16384 |    3091 |  15.9 |      36 |       4 |  10.0
       D:15 |    9217 |    3309 |  26.4 |      14 |       5 |  26.3
     Lair:1 |    5224 |    3062 |  37.0 |      21 |       9 |  30.0
     Lair:2 |    9573 |    1249 |  11.5 |      26 |       4 |  13.3
     Lair:3 |    8371 |    2759 |  24.8 |      29 |       6 |  17.1
     Lair:4 |   13335 |       0 |   0.0 |      38 |       0 |   0.0
     Lair:5 |   12724 |    6578 |  34.1 |      48 |      17 |  26.2
   Shoals:1 |   13008 |       0 |   0.0 |      27 |       0 |   0.0
   Shoals:2 |   13802 |       0 |   0.0 |      26 |       0 |   0.0
   Shoals:3 |   16799 |    3976 |  19.1 |      34 |       6 |  15.0
   Shoals:4 |   13058 |   23625 |  64.4 |      27 |      33 |  55.0
   Spider:1 |   13869 |    1456 |   9.5 |      31 |       1 |   3.1
   Spider:2 |    6524 |    3663 |  36.0 |      21 |       2 |   8.7
   Spider:3 |   10780 |       0 |   0.0 |      24 |       0 |   0.0
   Spider:4 |   16446 |   21475 |  56.6 |      43 |      45 |  51.1
      Orc:1 |    2862 |       0 |   0.0 |      26 |       0 |   0.0
      Orc:2 |    5276 |   18311 |  77.6 |      46 |      40 |  46.5
      Elf:1 |   10242 |   10528 |  50.7 |      15 |      16 |  51.6
      Elf:2 |   12863 |     818 |   6.0 |      23 |       1 |   4.2
      Elf:3 |   14939 |   21842 |  59.4 |      28 |      18 |  39.1
   Vaults:1 |   33888 |   23243 |  40.7 |      51 |      34 |  40.0
   Vaults:2 |    9033 |   31087 |  77.5 |      14 |      45 |  76.3
   Vaults:3 |   21877 |   12283 |  36.0 |      33 |      18 |  35.3
   Vaults:4 |   42666 |   13450 |  24.0 |      53 |      16 |  23.2
   Depths:1 |   11992 |    2059 |  14.7 |      14 |       2 |  12.5
   Depths:2 |   46121 |    1574 |   3.3 |      53 |       2 |   3.6
   Depths:3 |   43704 |   12720 |  22.5 |      54 |       7 |  11.5
   Depths:4 |   32836 |   28450 |  46.4 |      40 |      24 |  37.5
      Zot:1 |    8230 |    1028 |  11.1 |       8 |       1 |  11.1
      Zot:2 |    2017 |     476 |  19.1 |       2 |       1 |  33.3
      Zot:4 |     526 |       0 |   0.0 |       1 |       0 |   0.0
      Zot:5 |    7643 |   20915 |  73.2 |       6 |       9 |  60.0
    Abyss:3 |   13009 |      42 |   0.3 |      26 |       1 |   3.7
    Abyss:4 |   25684 |   15630 |  37.8 |      54 |      17 |  23.9
    Abyss:5 |    5556 |       0 |   0.0 |      10 |       0 |   0.0
      Sewer |       0 |     295 | 100.0 |       0 |      41 | 100.0
     Bailey |       0 |    1120 | 100.0 |       0 |      32 | 100.0
    Volcano |       0 |    3336 | 100.0 |       0 |      16 | 100.0
            +---------+---------+-------+---------+---------+-------

Skill      XL: |  1  2  3  4  5  6  7  8  9 10 11 12 13 14 15 16 17 18 19 20 21 22 23 24 25 |
---------------+----------------------------------------------------------------------------+-----
Stealth        | 7 11 13 15 16 17 19 20 24 27 | 27.0
Fighting       | 4 5 6 8 9 10 11 12 14 15 16 18 19 20 | 20.0
Short Blades   | 3 4 5 6 7 10 14 16 | 16.6
Dodging        | 3 6 7 10 12 14 15 16 19 20 21 22 24 27 | 27.0
Invocations    | 4 5 6 9 10 11 12 | 12.8
Evocations     | 8 10 | 10.0
Spellcasting   | 5 12 | 12.1
Conjurations   | 4 |  4.0
Air Magic      | 4 |  4.0
Alchemy        | 4 |  4.0
Shields        | 2 6 11 14 | 14.1

Action                     |  1- 3 |  4- 6 |  7- 9 | 10-12 | 13-15 | 16-18 | 19-21 | 22-24 | 25-27 || total
---------------------------+-------+-------+-------+-------+-------+-------+-------+-------+-------++-------
  Melee: Short sword       |    74 |   221 |   400 |       |       |       |       |       |       ||   695
         Punch             |     1 |     1 |     7 |    13 |    30 |    13 |       |       |       ||    65
         Rapier            |       |       |   167 |   734 |  1406 |   179 |       |       |       ||  2486
         Quick blade       |       |       |       |       |       |  1562 |  2381 |  2815 |   222 ||  6980
  Throw: Dart              |       |       |     2 |    10 |    17 |     7 |       |       |       ||    36
   Cast: Mephitic Cloud    |       |       |       |       |    17 |    47 |     5 |     6 |       ||    75
 Invoke: Draw Summoning    |       |       |       |     6 |     6 |     2 |     5 |    22 |     2 ||    43
         Draw Destruction  |       |       |       |     9 |    26 |     6 |    18 |    32 |       ||    91
         Stack Five        |       |       |       |       |     1 |       |       |       |       ||     1
         Draw Stack        |       |       |       |       |       |     2 |       |       |       ||     2
         Deal Four         |       |       |       |       |       |       |       |     1 |     3 ||     4
         Triple Draw       |       |       |       |       |       |       |       |     1 |       ||     1
  Evoke: Wand              |       |     6 |       |     8 |     1 |     2 |    11 |     7 |       ||    35
         Phial of floods   |       |       |       |       |     1 |     1 |       |     2 |       ||     4
         Condenser vane    |       |       |       |       |       |       |     3 |     2 |       ||     5
    Use: Scroll            |     1 |    11 |    16 |     9 |     8 |     8 |    10 |     9 |    11 ||    83
         Potion            |       |       |     3 |     1 |     3 |       |       |    13 |     7 ||    27
   Stab: Sleeping          |    26 |    18 |    17 |    42 |    50 |   105 |    88 |    45 |    12 ||   403
         Distracted        |       |     2 |     1 |     2 |     8 |     8 |    11 |    25 |     2 ||    59
         Invisible         |       |       |       |       |     3 |       |       |       |     9 ||    12
         Confused          |       |       |       |       |    22 |    54 |    11 |    10 |       ||    97
         Paralysed         |       |       |       |       |       |       |       |     2 |       ||     2
 Armour: Leather armour    |    15 |    70 |   154 |       |       |       |       |       |       ||   239
         Robe              |       |       |    54 |   201 |   360 |   255 |   214 |   213 |    12 ||  1309
  Dodge: Dodged            |    37 |   122 |   397 |   450 |  1053 |   776 |  1007 |   852 |    78 ||  4772
         Repelled          |       |       |       |       |       |       |       |     2 |       ||     2
  Block: Buckler           |       |       |       |       |       |   160 |   289 |   216 |       ||   665
         Kite shield       |       |       |       |       |       |       |       |   360 |    97 ||   457
Riposte: Quick blade       |       |       |       |       |       |    44 |   271 |   314 |    41 ||   670

Illustrated notes

Table legend:
 A = Kills in this place as a percentage of kills in the entire game.
 B = Kills by you in this place as a percentage of kills by you in the entire game.
 C = Kills by friends in this place as a percentage of kills by friends in the entire game.
 D = Other kills in this place as a percentage of other kills in the entire game.
 E = Experience gained in this place as a percentage of experience gained in the entire game.
 F = Experience gained in this place divided by the number of levels of this place that you have seen.
                   A       B       C       D       E      F
               +-------+-------+-------+-------+-------+----------------------
         Total | 100.0 | 100.0 | 100.0 | 100.0 | 100.0 | 16009.7
       Dungeon |  21.5 |  22.3 |   1.8 |  12.5 |   8.2 | 4705.6
          Lair |  11.0 |  10.4 |  33.9 |   0.0 |   7.3 | 12575.0
        Shoals |   8.5 |   8.6 |   3.6 |   8.3 |   9.7 | 21067.0
   Spider Nest |   9.2 |   9.2 |   8.9 |  12.5 |   8.6 | 18553.2
  Orcish Mines |   6.2 |   5.6 |   7.1 |  50.0 |   3.1 | 13224.5
   Elven Halls |   5.6 |   5.7 |   3.6 |   4.2 |   8.2 | 23744.0
        Vaults |  14.6 |  15.2 |   1.8 |   0.0 |  21.7 | 46881.8
        Depths |  11.0 |  10.3 |  32.1 |   8.3 |  21.0 | 45466.8
           Zot |   1.5 |   1.4 |   5.4 |   0.0 |   4.7 | 8167.0
         Abyss |   6.0 |   6.2 |   0.0 |   4.2 |   6.9 | 19973.7
         Sewer |   2.3 |   2.4 |   0.0 |   0.0 |   0.0 | 295.0
        Bailey |   1.8 |   1.8 |   1.8 |   0.0 |   0.1 | 1120.0
       Volcano |   0.9 |   0.9 |   0.0 |   0.0 |   0.4 | 3336.0
               +-------+-------+-------+-------+-------+----------------------

Table legend: (Time is in decaauts)
 A = Elapsed time spent in this place.
 B = Non-inter-level travel time spent in this place.
 C = Inter-level travel time spent in this place.
 D = Time resting spent in this place.
 E = Time spent auto-exploring this place.
 F = Levels seen in this place.
 G = Mean time per level.
                   A        B        C        D        E       F      G
               +--------+--------+--------+--------+--------+-----+--------+
         Total |  53859 |  48999 |   4860 |   5037 |  31255 |  54 |  997.4 |
       Dungeon |  15668 |  13906 |   1762 |    853 |   9222 |  15 | 1044.5 |
        Temple |     45 |     45 |      0 |      0 |      0 |   1 |   45.0 |
          Lair |   6240 |   5680 |    560 |    399 |   3463 |   5 | 1248.0 |
        Shoals |   4663 |   4503 |    160 |    102 |   3717 |   4 | 1165.8 |
   Spider Nest |   4515 |   4027 |    488 |    370 |   2692 |   4 | 1128.8 |
  Orcish Mines |   2220 |   1865 |    355 |    194 |   1205 |   2 | 1110.0 |
   Elven Halls |   2908 |   2670 |    238 |     91 |   2050 |   3 |  969.3 |
        Vaults |   7019 |   6365 |    654 |    514 |   4658 |   4 | 1754.8 |
        Depths |   7760 |   7194 |    566 |   1905 |   3922 |   4 | 1940.0 |
           Zot |    441 |    367 |     74 |     10 |     52 |   5 |   88.2 |
         Abyss |   1020 |   1020 |      0 |    338 |     75 |   3 |  340.0 |
         Trove |     77 |     77 |      0 |      0 |     36 |   1 |   77.0 |
         Sewer |    494 |    494 |      0 |     63 |      5 |   1 |  494.0 |
        Bailey |    269 |    269 |      0 |      4 |     73 |   1 |  269.0 |
       Volcano |    514 |    514 |      0 |    193 |     84 |   1 |  514.0 |
               +--------+--------+--------+--------+--------+-----+--------+

Top non-repeatable levels by time:
Depths:4: 2489 daAuts
Depths:2: 2231 daAuts
Vaults:1: 1964 daAuts
Vaults:2: 1764 daAuts
    D:14: 1762 daAuts
Spider:4: 1697 daAuts
Vaults:4: 1679 daAuts
   Orc:2: 1632 daAuts
Vaults:3: 1610 daAuts
     D:8: 1605 daAuts
Depths:3: 1552 daAuts
  Lair:3: 1509 daAuts
Depths:1: 1486 daAuts
  Lair:1: 1398 daAuts
Shoals:4: 1330 daAuts
